| TOP OF THE 1ST |
|
University of Minnesota Golden Gophers batting - Pitching for Mississippi State University Bulldogs : RHP Gary Gamble
|
|
Pitching: RHP Gary Gamble
|
|
|
Batting: LHB Bobby Agterberg
|
0-0: Called Strike 0-1: Ball 1-1: Foul Ball, location: 2F 1-2: Ball 2-2: SINGLE (Line Drive, 6MD, EV 98.1 MPH)
|
|
Batting: LHB Jose Moncada
|
0-0: Foul Ball, location: 2F 0-1: Foul Ball, location: 2F 0-2: Ball 1-2: Foul Ball, location: 2F 1-2: Strikes out looking
|
|
Batting: RHB Jose Garrido
|
0-0: Ball 1-0: Foul Ball, location: 2F 1-1: SINGLE (Line Drive, 34, EV 103.1 MPH) Bobby Agterberg to second
|
|
Batting: RHB Jason Mooris
|
0-0: SINGLE (Groundball, 6MD, EV 96.2 MPH) Bobby Agterberg to third Jose Garrido to second
|
|
Batting: RHB Ron Gooch
|
0-0: Ball 1-0: Ball 2-0: Foul Ball, location: 2F 2-1: Called Strike 2-2: Ball 3-2: Fly out, F9 (Flyball, 89D, EV 95.6 MPH) Runner from 3rd tags up, SCORES, throw by RF Jose Garrido to third
|
|
Batting: LHB Ivan Villegas
|
0-0: Fly out, F7 (Flyball, 7, EV 88.1 MPH)
|
| Top of the 1st over - 1 run, 3 hits, 0 errors, 2 left on base; University of Minnesota 1 - Mississippi State University 0 |
| BOTTOM OF THE 1ST |
|
Mississippi State University Bulldogs batting - Pitching for University of Minnesota Golden Gophers : RHP Frank McCarthy
|
|
Pitching: RHP Frank McCarthy
|
|
|
Batting: SHB Toshinori Shimabukuro
|
0-0: Called Strike 0-1: Ball 1-1: Swinging Strike 1-2: Foul Ball, location: 2F 1-2: Strikes out looking
|
|
Batting: SHB Shou-xin Ouyang
|
0-0: Ball 1-0: Fly out, F9 (Flyball, 9LS, EV 86.9 MPH)
|
|
Batting: SHB Jim Rutherford
|
0-0: Ball 1-0: Called Strike 1-1: Fly out, F9 (Flyball, 9LM, EV 88.1 MPH)
|
| Bottom of the 1st over - 0 runs, 0 hits, 0 errors, 0 left on base; University of Minnesota 1 - Mississippi State University 0 |
| TOP OF THE 2ND |
|
University of Minnesota Golden Gophers batting - Pitching for Mississippi State University Bulldogs : RHP Gary Gamble
|
|
Batting: SHB Chris Rodgers
|
0-0: Foul Ball, location: 2F 0-1: Ball 1-1: Ball 2-1: Ball 3-1: SINGLE (Groundball, 4D, EV 94.4 MPH)
|
|
Batting: RHB Roy Evenden
|
0-0: Called Strike Chris Rodgers steals 2nd base 0-1: Ball 1-1: Ball 2-1: Fly out, F9 (Flyball, 89M, EV 81.9 MPH)
|
|
Batting: LHB Phil Bonner
|
0-0: Ball 1-0: Called Strike Chris Rodgers steals 3rd base 1-1: Called Strike 1-2: Foul Ball, location: 2F 1-2: Ball 2-2: Ball 3-2: Strikes out swinging
|
|
Batting: LHB Bobby Agterberg
|
0-0: Ground out 4-3 (Groundball, 4, EV 85.0 MPH)
|
| Top of the 2nd over - 0 runs, 1 hit, 0 errors, 1 left on base; University of Minnesota 1 - Mississippi State University 0 |
| BOTTOM OF THE 2ND |
|
Mississippi State University Bulldogs batting - Pitching for University of Minnesota Golden Gophers : RHP Frank McCarthy
|
|
Batting: RHB Karl Lukasiewicz
|
0-0: Swinging Strike 0-1: Foul Ball, location: 2F 0-2: Ball 1-2: Ball 2-2: DOUBLE (Flyball, 8LXD, EV 95.0 MPH)
|
|
Batting: RHB Josh Simmons
|
0-0: Ball 1-0: Called Strike 1-1: Ball 2-1: Ball 3-1: Base on Balls
|
|
Batting: LHB Tom Ploughman
|
0-0: Called Strike 0-1: Ball 1-1: Ball 2-1: Ball 3-1: Base on Balls Karl Lukasiewicz to third Josh Simmons to second
|
|
Batting: RHB Logan Strassburg
|
0-0: Grounds into double play, 4-6-3 (Groundball, 4, EV 81.9 MPH) Karl Lukasiewicz scores Josh Simmons to third
|
|
Batting: RHB Bill Petipas
|
0-0: 2-RUN HOME RUN (Flyball, 7D, EV 100.0 MPH), Distance : 378 ft
|
|
Batting: RHB Oscar Vargas
|
0-0: Called Strike 0-1: Ball 1-1: Foul Ball, location: 2F 1-2: Foul Ball, location: 2F 1-2: Ball 2-2: Ball 3-2: SINGLE (Line Drive, 7LS, EV 98.1 MPH)
|
|
Batting: SHB Toshinori Shimabukuro
|
0-0: Ball Oscar Vargas steals 2nd base 1-0: Called Strike 1-1: Ball 2-1: Called Strike 2-2: Fly out, F9 (Flyball, 89M, EV 87.5 MPH)
|
| Bottom of the 2nd over - 3 runs, 3 hits, 0 errors, 1 left on base; University of Minnesota 1 - Mississippi State University 3 |
| TOP OF THE 3RD |
|
University of Minnesota Golden Gophers batting - Pitching for Mississippi State University Bulldogs : RHP Gary Gamble
|
|
Batting: LHB Jose Moncada
|
0-0: Called Strike 0-1: Ball 1-1: Ball 2-1: Ball 3-1: Base on Balls
|
|
Batting: RHB Jose Garrido
|
0-0: Ball 1-0: Ball 2-0: Foul Ball, location: 2F 2-1: Ball 3-1: Base on Balls Jose Moncada to second
|
|
Batting: RHB Jason Mooris
|
0-0: Ball 1-0: Called Strike 1-1: Swinging Strike 1-2: Ball 2-2: Ball 3-2: Foul Ball, location: 2F 3-2: SINGLE (Groundball, 6D, EV 106.2 MPH) Jose Moncada to third Jose Garrido to second
|
|
Batting: RHB Ron Gooch
|
0-0: Ball 1-0: Called Strike 1-1: Grounds into double play, 6-4-3 (Groundball, 6M, EV 81.2 MPH) Jose Moncada scores Jose Garrido to third
|
|
Batting: LHB Ivan Villegas
|
0-0: Fly out, F4 (Popup, 3D, EV 61.9 MPH)
|
| Top of the 3rd over - 1 run, 1 hit, 0 errors, 1 left on base; University of Minnesota 2 - Mississippi State University 3 |
| BOTTOM OF THE 3RD |
|
Mississippi State University Bulldogs batting - Pitching for University of Minnesota Golden Gophers : RHP Frank McCarthy
|
|
Batting: SHB Shou-xin Ouyang
|
0-0: Ball 1-0: Foul Ball, location: 2F 1-1: Ball 2-1: DOUBLE (Line Drive, 89D, EV 111.2 MPH)
|
|
Batting: SHB Jim Rutherford
|
0-0: Ball 1-0: Ball 2-0: Called Strike 2-1: Called Strike 2-2: Strikes out swinging, 2-3 out at first.
|
|
Batting: RHB Karl Lukasiewicz
|
0-0: Ground out 5-3 (Groundball, 56, EV 105.6 MPH)
|
|
Batting: RHB Josh Simmons
|
0-0: Ball 1-0: Ball 2-0: Ball 3-0: Base on Balls
|
|
Batting: LHB Tom Ploughman
|
0-0: Swinging Strike 0-1: Swinging Strike 0-2: Foul Ball, location: 2F 0-2: Foul Ball, location: 2F 0-2: Ball 1-2: Foul Ball, location: 2F 1-2: Ball Wild Pitch! Shou-xin Ouyang to third Josh Simmons to second 2-2: Ball 3-2: Strikes out swinging
|
| Bottom of the 3rd over - 0 runs, 1 hit, 0 errors, 2 left on base; University of Minnesota 2 - Mississippi State University 3 |
| TOP OF THE 4TH |
|
University of Minnesota Golden Gophers batting - Pitching for Mississippi State University Bulldogs : RHP Gary Gamble
|
|
Batting: SHB Chris Rodgers
|
0-0: Ground out U3 (Groundball, 3S, EV 86.2 MPH)
|
|
Batting: RHB Roy Evenden
|
0-0: Called Strike 0-1: Called Strike 0-2: Ball 1-2: Ball 2-2: Ball 3-2: Strikes out swinging
|
|
Batting: LHB Phil Bonner
|
0-0: Foul Ball, location: 2F 0-1: SINGLE (Groundball, 5L, EV 81.2 MPH) (infield hit)
|
|
Batting: LHB Bobby Agterberg
|
0-0: Foul Ball, location: 2F 0-1: Called Strike 0-2: Ball 1-2: Strikes out swinging
|
| Top of the 4th over - 0 runs, 1 hit, 0 errors, 1 left on base; University of Minnesota 2 - Mississippi State University 3 |
| BOTTOM OF THE 4TH |
|
Mississippi State University Bulldogs batting - Pitching for University of Minnesota Golden Gophers : RHP Frank McCarthy
|
|
Batting: RHB Logan Strassburg
|
0-0: Foul Ball, location: 2F 0-1: Foul Ball, location: 2F 0-2: Strikes out swinging
|
|
Batting: RHB Bill Petipas
|
0-0: Called Strike 0-1: Ball 1-1: Foul Ball, location: 2F 1-2: Ball 2-2: Foul Ball, location: 2F 2-2: Ground out 3-1 (Groundball, 34S, EV 86.2 MPH)
|
|
Batting: RHB Oscar Vargas
|
0-0: Ball 1-0: Swinging Strike 1-1: Ball 2-1: Foul Ball, location: 2F 2-2: Ball 3-2: Strikes out swinging
|
| Bottom of the 4th over - 0 runs, 0 hits, 0 errors, 0 left on base; University of Minnesota 2 - Mississippi State University 3 |
| TOP OF THE 5TH |
|
University of Minnesota Golden Gophers batting - Pitching for Mississippi State University Bulldogs : RHP Gary Gamble
|
|
Batting: LHB Jose Moncada
|
0-0: Called Strike 0-1: Called Strike 0-2: Fly out, F7 (Flyball, 7LD, EV 81.9 MPH)
|
|
Pitching: RHP Salvatore Caraballo
|
|
|
Batting: RHB Jose Garrido
|
0-0: Foul Ball, location: 2F 0-1: Swinging Strike 0-2: Ball 1-2: Strikes out swinging
|
|
Batting: RHB Jason Mooris
|
0-0: Ball 1-0: Ball 2-0: Foul Ball, location: 2F 2-1: Foul Ball, location: 2F 2-2: Strikes out swinging
|
| Top of the 5th over - 0 runs, 0 hits, 0 errors, 0 left on base; University of Minnesota 2 - Mississippi State University 3 |
| BOTTOM OF THE 5TH |
|
Mississippi State University Bulldogs batting - Pitching for University of Minnesota Golden Gophers : RHP Frank McCarthy
|
|
Batting: SHB Toshinori Shimabukuro
|
0-0: Ball 1-0: Called Strike 1-1: Swinging Strike 1-2: Strikes out looking
|
|
Batting: SHB Shou-xin Ouyang
|
0-0: Foul Ball, location: 2F 0-1: Foul Ball, location: 2F 0-2: Fly out, F8 (Flyball, 8RXD, EV 111.2 MPH)
|
|
Batting: SHB Jim Rutherford
|
0-0: Called Strike 0-1: Ball 1-1: Called Strike 1-2: Strikes out swinging
|
| Bottom of the 5th over - 0 runs, 0 hits, 0 errors, 0 left on base; University of Minnesota 2 - Mississippi State University 3 |
| TOP OF THE 6TH |
|
University of Minnesota Golden Gophers batting - Pitching for Mississippi State University Bulldogs : RHP Salvatore Caraballo
|
|
Batting: RHB Ron Gooch
|
0-0: Ball 1-0: Foul Ball, location: 2F 1-1: SINGLE (Line Drive, 8RS, EV 101.9 MPH)
|
|
Batting: LHB Ivan Villegas
|
0-0: Called Strike 0-1: Fly out, F4 (Popup, 13S, EV 88.8 MPH)
|
|
Batting: SHB Chris Rodgers
|
0-0: Fielders Choice at 2nd, 4-6 (Groundball, 34, EV 80.6 MPH)
|
|
Batting: RHB Roy Evenden
|
0-0: Ball 1-0: Ball 2-0: Foul Ball, location: 2F 2-1: Called Strike 2-2: SINGLE (Line Drive, 4M, EV 102.5 MPH) Chris Rodgers to second Chris Rodgers to third
|
|
Pinch Hitting: RHB Scott Rose
|
0-0: Swinging Strike 0-1: Ball 1-1: Ball 2-1: Foul Ball, location: 2F 2-2: Strikes out swinging, 2-3 out at first.
|
| Top of the 6th over - 0 runs, 2 hits, 0 errors, 2 left on base; University of Minnesota 2 - Mississippi State University 3 |
| BOTTOM OF THE 6TH |
|
Mississippi State University Bulldogs batting - Pitching for University of Minnesota Golden Gophers : RHP Frank McCarthy
|
|
Now at 3B: Jian-zhang Zhào
|
|
|
Batting: RHB Karl Lukasiewicz
|
0-0: Reached on error, E4 (Groundball, 4, EV 83.8 MPH)
|
|
Batting: RHB Josh Simmons
|
0-0: Ball 1-0: Ball 2-0: Ball 3-0: Base on Balls Karl Lukasiewicz to second
|
|
Batting: LHB Tom Ploughman
|
0-0: Foul Ball, location: 2F 0-1: Swinging Strike 0-2: Strikes out swinging
|
|
Pitching: LHP Heui-seong Hahn
|
|
|
Batting: RHB Logan Strassburg
|
0-0: Foul Ball, location: 2F 0-1: Ball 1-1: Ball 2-1: Ball 3-1: Called Strike 3-2: Base on Balls Karl Lukasiewicz to third Josh Simmons to second
|
|
Batting: RHB Bill Petipas
|
0-0: Foul Ball, location: 2F 0-1: Fly out, F7 (Flyball, 78M, EV 73.1 MPH) Runner from 3rd tags up, SCORES, throw by LF
|
|
Batting: RHB Oscar Vargas
|
0-0: Foul Ball, location: 2F 0-1: Foul Ball, location: 2F 0-2: Ball 1-2: Ground out 3-1 (Groundball, 34S, EV 88.1 MPH)
|
| Bottom of the 6th over - 1 run, 0 hits, 1 error, 2 left on base; University of Minnesota 2 - Mississippi State University 4 |
| TOP OF THE 7TH |
|
University of Minnesota Golden Gophers batting - Pitching for Mississippi State University Bulldogs : RHP Salvatore Caraballo
|
|
Pitching: LHP Terry Sanders
|
|
|
Batting: LHB Bobby Agterberg
|
0-0: Ball 1-0: Fly out, F7 (Flyball, 78M, EV 96.9 MPH)
|
|
Batting: LHB Jose Moncada
|
0-0: Ball 1-0: SOLO HOME RUN (Flyball, 9D, EV 91.9 MPH), Distance : 367 ft
|
|
Batting: RHB Jose Garrido
|
0-0: Foul Ball, location: 2F 0-1: Ball 1-1: Ball 2-1: Foul Ball, location: 2F 2-2: Foul Ball, location: 2F 2-2: Foul Ball, location: 2F 2-2: Ball 3-2: Strikes out looking
|
|
Batting: RHB Jason Mooris
|
0-0: Ball 1-0: Called Strike 1-1: Ball 2-1: Called Strike 2-2: Ground out 6-3 (Groundball, 56D, EV 98.1 MPH)
|
| Top of the 7th over - 1 run, 1 hit, 0 errors, 0 left on base; University of Minnesota 3 - Mississippi State University 4 |
| BOTTOM OF THE 7TH |
|
Mississippi State University Bulldogs batting - Pitching for University of Minnesota Golden Gophers : LHP Heui-seong Hahn
|
|
Batting: SHB Toshinori Shimabukuro
|
0-0: Called Strike 0-1: Swinging Strike 0-2: Ball 1-2: Ball 2-2: Strikes out looking
|
|
Batting: SHB Shou-xin Ouyang
|
0-0: Swinging Strike 0-1: Foul Ball, location: 2F 0-2: Strikes out looking
|
|
Batting: SHB Jim Rutherford
|
0-0: Ground out 4-3 (Groundball, 4, EV 85.0 MPH)
|
| Bottom of the 7th over - 0 runs, 0 hits, 0 errors, 0 left on base; University of Minnesota 3 - Mississippi State University 4 |
| TOP OF THE 8TH |
|
University of Minnesota Golden Gophers batting - Pitching for Mississippi State University Bulldogs : LHP Terry Sanders
|
|
Batting: RHB Ron Gooch
|
0-0: Ball 1-0: Called Strike 1-1: Called Strike 1-2: Strikes out swinging
|
|
Batting: LHB Ivan Villegas
|
0-0: Ball 1-0: Ball 2-0: SINGLE (Groundball, 4M, EV 99.4 MPH) (infield hit)
|
|
Pitching: RHP Antonio Ramirez
|
|
|
Batting: SHB Chris Rodgers
|
0-0: Hit by Pitch Ivan Villegas to second
|
|
Batting: RHB Roy Evenden
|
0-0: Sac Bunt to 3S - play at first, batter OUT! 3-1 Ivan Villegas to third Chris Rodgers to second
|
|
Batting: RHB Jian-zhang Zhào
|
0-0: Ball 1-0: Ball 2-0: Called Strike 2-1: Swinging Strike 2-2: Foul Ball, location: 2F 2-2: Ball 3-2: Foul Ball, location: 2F 3-2: Base on Balls
|
|
Batting: LHB Bobby Agterberg
|
0-0: Called Strike 0-1: Ball 1-1: Ball 2-1: Foul Ball, location: 2F 2-2: Ground out 4-3 (Groundball, 4, EV 83.1 MPH)
|
| Top of the 8th over - 0 runs, 1 hit, 0 errors, 3 left on base; University of Minnesota 3 - Mississippi State University 4 |
| BOTTOM OF THE 8TH |
|
Mississippi State University Bulldogs batting - Pitching for University of Minnesota Golden Gophers : LHP Heui-seong Hahn
|
|
Batting: RHB Karl Lukasiewicz
|
0-0: Called Strike 0-1: Ball 1-1: Foul Ball, location: 2F 1-2: Foul Ball, location: 2F 1-2: Strikes out swinging
|
|
Batting: RHB Josh Simmons
|
0-0: Ball 1-0: Foul Ball, location: 2F 1-1: Foul Ball, location: 2F 1-2: Ball 2-2: Fly out, F8 (Flyball, 8RD, EV 88.1 MPH)
|
|
Batting: LHB Tom Ploughman
|
0-0: Ground out 4-3 (Groundball, 4, EV 93.8 MPH)
|
| Bottom of the 8th over - 0 runs, 0 hits, 0 errors, 0 left on base; University of Minnesota 3 - Mississippi State University 4 |
| TOP OF THE 9TH |
|
University of Minnesota Golden Gophers batting - Pitching for Mississippi State University Bulldogs : RHP Antonio Ramirez
|
|
Pitching: RHP Josh Noonan
|
|
|
Batting: LHB Jose Moncada
|
0-0: Ball 1-0: Ball 2-0: Foul Ball, location: 2F 2-1: Ball 3-1: Foul Ball, location: 2F 3-2: Strikes out swinging
|
|
Batting: RHB Jose Garrido
|
0-0: Ball 1-0: Ball 2-0: Foul Ball, location: 2F 2-1: Ball 3-1: Called Strike 3-2: Foul Ball, location: 2F 3-2: SINGLE (Groundball, 4M, EV 102.5 MPH) (infield hit)
|
|
Batting: LHB Hidehiro Kanno
|
0-0: Ball 1-0: Swinging Strike 1-1: Fielders Choice at 2nd, 1-6 (Groundball, 13S, EV 72.5 MPH)
|
|
Batting: RHB Ron Gooch
|
0-0: Ball 1-0: Called Strike 1-1: Swinging Strike 1-2: Ball 2-2: Strikes out looking
|
| Top of the 9th over - 0 runs, 1 hit, 0 errors, 1 left on base; University of Minnesota 3 - Mississippi State University 4 |
|